Map: Dusk Towers

Players

Miszu - Winner!

  • Race: Terran Terran
  • League: Master

JackO

  • Race: Protoss Protoss
  • League: Master

VOD

Have the link to the VOD?

Description

Time

  • Played on: April 4, 2016, 2:40 p.m.
  • Length: 16:56
Show
View Real Time Build Order
Export as new Build Order

Miszu Terran - Winner!

Build Orders: 1/1/1, Liberator Opening, MMM Bio 

Get SALT Encoding   

  12  0:01  SCV  
  13  0:13  SCV  
  14  0:17  Supply Depot  
  14  0:25  SCV  
  15  0:30  Refinery  
  15  0:39  SCV  
  16  0:47  Barracks  
  16  0:51  SCV  
  17  1:03  SCV  
  18  1:15  SCV  
  20  1:34  Orbital Command  
  20  1:36  Factory, Marine  
  20  1:39  Supply Depot  
  20  1:46  Refinery  
  20  1:54  Marine  
  20  2:01  SCV  
  22  2:12  Supply Depot, Marine  
  22  2:14  SCV  
  24  2:21  Starport, Hellion  
  26  2:26  SCV  
  27  2:30  Marine  
  27  2:36  Supply Depot  
  28  2:39  SCV  
  28  2:43  Hellion  
  31  2:49  Marine  
  31  2:51  SCV  
  33  3:01  Medivac  
  33  3:03  SCV  
  36  3:06  Marine  
  36  3:10  Supply Depot  
  37  3:13  Hellion  
  37  3:15  SCV  
  40  3:25  Barracks Reactor  
  40  3:27  SCV  
  40  3:33  Liberator  
  41  3:40  Factory Tech Lab  
  41  3:41  Command Center  
  41  3:43  SCV  
  45  4:00  Siege Tank  
  48  4:04  Marine x2, SCV  
  51  4:14  Supply Depot  
  51  4:16  SCV  
  52  4:28  Marine x2, SCV  
  55  4:36  Siege Tank  
  58  4:40  SCV  
  59  4:52  SCV  
  56  4:55  Orbital Command  
  56  4:58  Barracks  
  56  4:59  Barracks  
  54  5:04  SCV  
  55  5:10  Siege Tank  
  55  5:12  Starport Reactor  
  55  5:16  SCV  
  59  5:23  SCV  
  60  5:28  SCV  
  60  5:30  Starport Reactor, Engineering Bay  
  60  5:35  SCV  
  59  5:37  Marine  
  59  5:38  Marine  
  59  5:40  Engineering Bay, SCV  
  62  5:47  Refinery, Barracks Tech Lab, SCV  
  62  5:48  Barracks Tech Lab  
  63  5:53  SCV  
  63  5:59  SCV  
  63  6:00  Marine x2  
  63  6:01  Command Center  
  66  6:05  SCV  
  66  6:09  Medivac x2  
  70  6:11  Combat Shields  
  70  6:12  Stimpack  
  70  6:13  Marauder x2  
  70  6:15  SCV  
  70  6:17  SCV  
  70  6:18  Marine  
  77  6:23  Terran Infantry Weapons Level 1  
  77  6:30  Barracks  
  77  6:32  Barracks  
  77  6:38  Supply Depot  
  78  6:40  Supply Depot, SCV  
  78  6:44  Refinery  
  78  6:59  SCV  
  78  7:00  Marauder, SCV  
  85  7:05  Supply Depot  
  85  7:06  Supply Depot  
  85  7:07  Supply Depot, Marine  
  85  7:08  Marine  
  86  7:09  Marauder  
  86  7:13  Medivac x2, SCV x2  
  93  7:16  Orbital Command  
  93  7:21  Barracks Reactor, Marauder  
  94  7:25  Marine, SCV x2  
  94  7:26  Marine  
  98  7:30  Marauder  
  98  7:32  Liberator  
  98  7:35  Marauder, Concussive Shells  
  102  7:37  SCV x2  
  102  7:41  SCV  
  102  7:42  Marine  
  106  7:45  Marine, Missile Turret  
  106  7:47  Marine  
  106  7:48  Liberator  
  110  7:51  Marauder  
  110  7:58  SCV  
  115  7:59  Supply Depot  
  115  8:01  Supply Depot  
  116  8:05  Marine  
  116  8:06  Marine  
  118  8:13  Marine, Marauder  
  118  8:14  Marine x2  
  123  8:22  Engineering Bay  
  123  8:26  Terran Infantry Armor Level 1, Orbital Command  
  123  8:27  Armory  
  123  8:32  Marauder  
  125  8:42  Marine  
  125  8:43  Marauder, SCV x2  
  130  8:52  SCV  
  130  8:55  SCV  
  134  8:56  SCV  
  134  8:57  Refinery  
  135  9:04  Refinery, SCV  
  135  9:05  Barracks  
  135  9:07  Barracks, SCV  
  136  9:10  SCV  
  136  9:11  Barracks  
  136  9:16  SCV  
  137  9:19  SCV  
  137  9:22  SCV  
  137  9:24  Supply Depot, Terran Infantry Weapons Level 2  
  139  9:25  Supply Depot  
  139  9:27  Supply Depot  
  139  9:28  SCV  
  140  9:32  Marine  
  140  9:33  Liberator x2  
  140  9:38  Marine  
  140  9:41  Marine  
  147  9:46  Marauder x3  
  147  9:48  Supply Depot  
  147  9:50  Supply Depot  
  147  9:52  Supply Depot  
  153  9:54  Marine, Missile Turret  
  153  9:56  Marine x2  
  153  9:59  Marine, Barracks Tech Lab x2  
  157  10:00  Barracks Reactor  
  163  10:07  Marauder x3  
  163  10:11  Marine  
  164  10:14  Marine x2  
  164  10:17  Marine  
  164  10:20  Marauder  
  168  10:26  Marauder  
  176  10:28  Marauder x3  
  176  10:29  Marine  
  176  10:32  Marine  
  176  10:33  Marine  
  173  10:36  Supply Depot x2  
  173  10:42  Marauder  
  173  10:43  Marine x3  
  173  10:46  Liberator  
  173  10:47  Marauder  
  173  10:48  Liberator  
  184  10:50  Marauder x3  
  184  10:59  Marine  
  184  11:00  Marine x2  
  184  11:01  Marine x3  
  184  11:03  Marauder  
  189  11:07  Terran Infantry Armor Level 2  
  189  11:08  Marauder  
  146  11:25  Starport  
  146  11:30  Marine x2, Liberator  
  146  11:31  Marine, Marauder, Liberator  
  151  11:33  Marine x2, Marauder x2  
  151  11:34  Marauder  
  149  11:56  Marine, Marauder  
  149  12:00  Marine, Marauder  
  149  12:02  SCV  
  149  12:03  SCV x2  
  149  12:14  SCV  
  149  12:15  SCV x2  
  152  12:20  Liberator  
  150  12:24  Marauder x2  
  150  12:27  SCV x3  
  149  12:36  Marine x8, Marauder  
  152  12:39  Liberator x2, SCV x2  
  158  12:44  Marine  
  158  12:51  SCV x2, Orbital Command  
  159  12:57  Marauder  
  168  13:03  Liberator  
  168  13:05  Marine, Marauder  
  171  13:11  Marauder  
  173  13:17  Marauder  
  173  13:18  Marine  
  173  13:19  Marine  
  177  13:21  Liberator  
  180  13:40  Marauder x4  
  180  13:41  Marauder  
  191  13:42  Liberator  
  191  13:46  Liberator  
  144  14:01  Marauder  
  144  14:02  Marauder x2  
  151  14:03  Marauder  
  151  14:04  Liberator  
  151  14:08  Marine x2  
  151  14:09  Marine x5  
  160  14:18  SCV x3  
  160  14:22  Marine  
  160  14:24  Liberator  
  160  14:26  Marauder  
  160  14:28  Liberator  
  161  14:35  Refinery x2  
  161  14:37  Marauder  
  161  14:38  Marauder  
  168  14:47  Liberator  
  171  14:55  Marauder x2  
  178  15:07  Liberator  
  178  15:09  Marine x7, Marauder x2  
  189  15:15  Command Center  
  189  15:16  Marine x2  
  189  15:39  Marine, Marauder  
  193  15:42  SCV  
  193  15:43  SCV x2  
  193  15:45  Ghost Academy  
  193  15:55  SCV  
  191  16:04  Marauder x3  
  166  16:22  Medivac, Marauder x2  
  166  16:25  Marauder  
  159  16:26  Marauder x2  
Show
View Real Time Build Order
Export as new Build Order

JackO Protoss 

Build Orders: 1 Gate Expand, Blink Stalkers 

Get SALT Encoding   

  12  0:00  Probe (Chrono Boost)  
  13  0:11  Probe (Chrono Boost)  
  14  0:17  Pylon  
  14  0:22  Probe (Chrono Boost)  
  15  0:36  Probe (Chrono Boost)  
  15  0:37  Gateway  
  16  0:46  Probe (Chrono Boost)  
  16  0:47  Assimilator  
  18  0:57  Probe (Chrono Boost)  
  18  1:07  Probe (Chrono Boost)  
  19  1:21  Nexus  
  19  1:31  Cybernetics Core  
  19  1:35  Probe (Chrono Boost)  
  20  1:44  Assimilator  
  20  1:45  Probe (Chrono Boost)  
  21  1:55  Pylon  
  21  1:56  Probe (Chrono Boost)  
  22  2:06  Probe (Chrono Boost)  
  23  2:10  Warp Gate  
  23  2:13  Stalker (Chrono Boost)  
  25  2:18  Probe (Chrono Boost)  
  26  2:27  Twilight Council  
  27  2:30  Probe (Chrono Boost)  
  27  2:33  Probe (Chrono Boost)  
  28  2:40  Probe (Chrono Boost)  
  28  2:43  Stalker  
  31  2:47  Probe (Chrono Boost)  
  33  2:51  Probe (Chrono Boost)  
  33  2:57  Probe (Chrono Boost)  
  34  3:03  Probe (Chrono Boost)  
  34  3:04  Blink (Chrono Boost)  
  35  3:08  Probe (Chrono Boost)  
  36  3:13  Probe (Chrono Boost)  
  36  3:17  Gateway  
  36  3:18  Probe (Chrono Boost)  
  38  3:24  Gateway  
  38  3:27  Probe (Chrono Boost)  
  38  3:31  Probe (Chrono Boost)  
  40  3:37  Robotics Facility  
  40  3:39  Probe (Chrono Boost)  
  41  3:43  Mothership Core (Chrono Boost)  
  43  3:50  Pylon  
  43  3:54  Probe (Chrono Boost), Assimilator  
  43  3:55  Assimilator  
  44  4:00  Probe  
  45  4:05  Pylon  
  45  4:09  Probe  
  46  4:14  Pylon  
  46  4:16  Stalker x2  
  50  4:27  Probe  
  50  4:29  Pylon  
  51  4:31  Stalker  
  51  4:32  Observer (Chrono Boost)  
  53  4:41  Stalker  
  53  4:42  Stalker  
  54  4:48  Probe  
  54  4:49  Probe  
  52  4:57  Gateway x2  
  52  4:59  Probe  
  48  5:10  Observer (Chrono Boost)  
  48  5:11  Probe  
  48  5:20  Stalker x3  
  54  5:23  Probe  
  54  5:24  Probe  
  54  5:25  Pylon  
  57  5:29  Observer (Chrono Boost)  
  57  5:52  Stalker x3  
  63  5:58  Warp Prism (Chrono Boost)  
  65  6:07  Stalker x2  
  69  6:16  Stalker x2  
  73  6:19  Stalker  
  73  6:21  Probe  
  73  6:22  Probe  
  77  6:41  Probe x2  
  79  6:48  Stalker x3  
  85  6:54  Pylon  
  85  6:55  Pylon  
  85  7:07  Probe  
  86  7:09  Robotics Bay  
  86  7:10  Probe  
  86  7:13  Observer (Chrono Boost)  
  88  7:28  Probe  
  88  7:29  Probe  
  89  7:37  Nexus  
  89  7:38  Pylon  
  89  7:43  Adept x3  
  95  7:44  Adept  
  95  7:50  Probe  
  97  7:52  Probe  
  97  7:54  Colossus (Chrono Boost)  
  99  8:03  Pylon  
  105  8:11  Extended Thermal Lance (Chrono Boost)  
  105  8:23  Probe x2  
  107  8:34  Sentry x2  
  107  8:35  Sentry  
  113  8:41  Colossus  
  113  8:47  Charge  
  113  8:49  Probe  
  113  8:50  Probe x2  
  122  8:56  Pylon  
  122  9:01  Pylon  
  122  9:07  Gateway  
  122  9:09  Gateway  
  122  9:10  Gateway  
  122  9:11  Probe  
  122  9:12  Probe x2  
  125  9:17  Zealot x3  
  125  9:21  Probe  
  132  9:24  Probe  
  132  9:29  Colossus  
  133  9:34  Probe  
  133  9:35  Probe  
  141  9:43  Forge  
  141  9:44  Forge  
  140  10:05  Pylon, Zealot x4  
  140  10:06  Pylon  
  140  10:07  Pylon  
  148  10:09  Templar Archives  
  148  10:18  Protoss Ground Weapons Level 1 (Chrono Boost), Protoss Ground Armor Level 1 (Chrono Boost)  
  148  10:35  Immortal  
  144  10:42  Zealot x8  
  162  11:03  Stalker x2, Zealot  
  162  11:04  Zealot x4  
  138  11:25  Zealot x7  
  142  11:26  Zealot  
  142  11:29  Probe x2  
  142  11:30  Psionic Storm  
  142  11:32  Assimilator  
  154  11:36  Assimilator  
  154  11:46  Adept  
  156  11:47  Adept x3  
  161  12:00  High Templar x2  
  161  12:01  High Templar x2  
  169  12:02  Probe  
  169  12:05  Gateway, Protoss Ground Armor Level 2 (Chrono Boost), Protoss Ground Weapons Level 2 (Chrono Boost)  
  169  12:06  Gateway  
  169  12:08  Immortal  
  162  12:10  Gateway  
  162  12:12  Gateway  
  120  12:42  High Templar x2, Zealot x2  
  120  12:43  Zealot x4  
  136  12:47  Archon, Photon Cannon  
  136  12:48  Photon Cannon  
  136  12:51  Nexus  
  136  13:02  Stargate  
  136  13:11  Adept x3  
  136  13:12  Adept  
  144  13:22  High Templar  
  144  13:26  Zealot x6  
  154  13:40  Stalker x2  
  156  13:45  Pylon  
  98  13:55  Stalker x2  
  98  14:00  Stalker x2  
  101  14:08  Stalker x4  
  109  14:12  Stalker  
  111  14:20  High Templar x2  
  111  14:26  Adept x2  
  109  14:43  Nexus  
  109  14:51  High Templar x2  
  112  14:53  Pylon  
  112  15:13  Zealot x3  
  112  15:14  Zealot  
  118  15:38  Zealot x2  
  118  15:39  Stalker x2, Zealot  
  118  15:41  High Templar x2  
  128  15:56  Zealot x3  
  130  16:02  Stalker  
  130  16:05  Zealot  
  88  16:20  Archon  
  88  16:22  Zealot x5  
  78  16:34  Zealot x3  
Tags
 
Add a new tag
Caveats
  • Supply blocks, unpowered buildings, or Contaminate may cause inaccurate times.
  • Supply counts are checked every 10 seconds.